 Dungeon Crawl Stone Soup version 0.30-a0-385-gfebfb9b408 (webtiles) character file.

Game seed: 9246285663219289255

407 tio the Grave Robber (level 6, 0/42 HPs)
             Began as a Demonspawn Necromancer on Dec 3, 2022.
             Slain by Duvessa
             ... wielding a +0 short sword
              (5 damage)
             ... on level 5 of the Dungeon.
             The game lasted 00:20:32 (4087 turns).

tio the Grave Robber (Demonspawn Necromancer)       Turns: 4087, Time: 00:20:32

Health: 0/42       AC: 14    Str:  8    XL:     6   Next: 57%
Magic:  8/9        EV: 17    Int: 16    God:
Gold:   265        SH:  0    Dex: 14    Spells: 12/13 levels left

rFire   + . .      SeeInvis .    t - +2 short sword (vamp)
rCold   . . .      Faith    .    (no shield)
rNeg    . . .      Spirit   .    a - +1 robe
rPois   +          Reflect  .    j - +2 helmet
rElec   .          Harm     .    r - +0 cloak
rCorr   .          Rampage  .    k - +2 pair of gloves
Will    .....      Clarity  +    (no boots)
Stlth   ++........               (no amulet)
HPRegen 0.27/turn                q - ring of poison resistance
MPRegen 0.11/turn                (no ring)

@: mighty, agile
A: molten scales 3, powered by pain 1, clarity, dopey 1, low MP 2, MP-powered
wands
a: no special abilities


You were on level 5 of the Dungeon.
You visited 1 branch of the dungeon, and saw 5 of its levels.

You collected 265 gold pieces.

Inventory:

Hand Weapons
 f - a +0 spear of electrocution
 n - a +0 quarterstaff
 t - a +2 vampiric short sword (weapon)
Armour
 a - a +1 robe (worn)
 e - a +0 ring mail
 j - a +2 helmet (worn)
 k - a +2 pair of gloves (worn)
 r - a +0 cloak (worn)
Jewellery
 q - a ring of poison resistance (left hand)
Wands
 s - a wand of charming (6)
Scrolls
 g - a scroll of butterflies
 h - 3 scrolls of teleportation
 m - a scroll of enchant armour
 o - a scroll of amnesia
Potions
 d - 3 potions of ambrosia {unknown}
 i - a potion of curing
 l - a potion of flight
 p - a potion of berserk rage {unknown}
 u - a potion of lignification {unknown}


   Skills:
 + Level 0.4 Fighting
 + Level 1.2 Polearms
 * Level 1.2 Armour
 + Level 2.3 Dodging
 + Level 2.0 Stealth
 * Level 1.3 Unarmed Combat
 + Level 4.0 Spellcasting
 + Level 6.2 Necromancy


You had 12 spell levels left.
You knew the following spells:

 Your Spells              Type           Power      Damage    Failure   Level
a - Necrotise             Necr           92%        1d8       1%          1

Your spell library contained the following spells:

 Spells                   Type           Power      Damage    Failure   Level
 Vampiric Draining        Necr           23%        2d7       3%          3
 Animate Dead             Necr           23%        N/A       13%         4
 Blink                    Tloc           6%         N/A       26%         2
 Agony                    Necr           23%        N/A       34%         5
 Manifold Assault         Tloc           3%         N/A       86%         4
 Storm Form               Tmut/Air       1%         N/A       100%        7


Dungeon Overview and Level Annotations

Branches:
Dungeon (5/15)
 Temple: D:4-7

Altars:
Cheibriados
Okawaru
Sif Muna

Annotations:
D:5 Duvessa


Innate Abilities, Weirdness & Mutations

You are completely covered in molten scales. (AC +4, rF+)
You sometimes gain a little power by taking damage.
You possess an exceptional clarity of mind.
You are dopey. (Int -2)
Your magical capacity is very low. (-20% MP)
You expend magic power (3 MP) to strengthen your wands.


Message History

You feel much better. Duvessa barely misses you.
Duvessa hits you with a +0 short sword!
Dowan closely misses Duvessa.
You barely miss Duvessa.
Duvessa is lightly wounded.
Duvessa hits you with a +0 short sword.
You hit Duvessa.
You feel better.
Duvessa is lightly wounded.
Duvessa barely misses you.
Dowan hits Duvessa but does no damage.
Duvessa hits Dowan with a +0 short sword!
Dowan is destroyed!
Duvessa shouts!
You barely miss Duvessa. You punch Duvessa, but do no damage.
Duvessa is lightly wounded.
Duvessa hits you but does no damage. Magic courses through your body.
Duvessa hits you with a +0 short sword. Duvessa closely misses you.
Duvessa writhes in agony.
Duvessa hits you with a +0 short sword!
You focus on the pain.
You feel your power returning.
Duvessa easily resists.
Duvessa closely misses you. Duvessa hits you with a +0 short sword.
Duvessa easily resists.
Duvessa hits you with a +0 short sword!
You are too injured to fight recklessly!
You are too injured to fight recklessly!
You are too injured to fight recklessly!
Duvessa attacks as you move away! Duvessa hits you with a +0 short sword!
* * * LOW HITPOINT WARNING * * *
You focus on the pain.
You feel agile all of a sudden. Duvessa misses you.
Duvessa attacks as you move away! Duvessa barely misses you.
A jelly comes into view.
Duvessa misses you.
The jelly quivers.
An iguana comes into view.
The iguana hisses angrily.
Duvessa attacks as you move away! Duvessa hits you but does no damage.
Found a sling.
Duvessa completely misses you. Duvessa misses you.
Duvessa hits you with a +0 short sword.
You die...

...... .........'....+
......####.####'##....#####
.........######..#.........
.........#.....[.#.........
##......)'.......#.........
#.......#########.........
######....................
#...........####+####
#....e@.<...# #...........#
.......J######## ........#
.........# ...l.....#
.........# #......)#


You could see Duvessa (berserk), an iguana and a jelly.

Vanquished Creatures
  A black bear (D:4)
  A kobold brigand (D:4)
  Dowan (D:5)
  An iguana (D:3)
  9 adders
  A white imp (D:5)
  2 worms
  A dart slug (D:4)
  An orc (D:4)
  3 bats
  7 endoplasms
  A giant cockroach (D:1)
  8 goblins
  8 hobgoblins
  4 jackals (D:4)
  5 quokkas
  4 ball pythons
  2 frilled lizards
  5 kobolds
  6 rats
71 creatures vanquished.

Notes
Turn   | Place    | Note
-------+----------+-------------------------------------------
     0 | D:1      | tio the Demonspawn Necromancer began the quest for the Orb.
     0 | D:1      | Reached XP level 1. HP: 13/13 MP: 3/3
   409 | D:1      | Gained mutation: You are partially covered in molten
                  | scales. (AC +2) [demonic ancestry]
   409 | D:1      | Reached XP level 2. HP: 19/19 MP: 3/5
   900 | D:1      | Reached skill level 5 in Necromancy
  1072 | D:1      | Gained mutation: You expend magic power (3 MP) to
                  | strengthen your wands. [potion of mutation]
  1072 | D:1      | Gained mutation: Your magical capacity is low. (-10% MP)
                  | [potion of mutation]
  1072 | D:1      | Gained mutation: You have hidden genetic defects. [potion
                  | of mutation]
  1072 | D:1      | Gained mutation: You possess an exceptional clarity of
                  | mind. [potion of mutation]
  1296 | D:2      | Gained mutation: You are dopey. (Int -2) [hidden defects]
  1456 | D:2      | Gained mutation: Your magical capacity is very low. (-20%
                  | MP) [hidden defects]
  1456 | D:2      | Lost mutation: You have hidden genetic defects. [hidden
                  | defects expressed]
  1544 | D:2      | Reached XP level 3. HP: 24/24 MP: 1/5
  1951 | D:2      | Gained mutation: You are mostly covered in molten scales.
                  | (AC +3) [demonic ancestry]
  1951 | D:2      | Reached XP level 4. HP: 30/30 MP: 3/6
  1999 | D:2      | Found a shimmering blue altar of Sif Muna.
  2060 | D:2      | Noticed a shining eye
  2062 | D:2      | Found a faded altar of an unknown god.
  2063 | D:2      | Noticed a great orb of eyes
  2063 | D:2      | Noticed a floating eye
  2063 | D:2      | Noticed a floating eye
  2419 | D:3      | Found a snail-covered altar of Cheibriados.
  3072 | D:3      | Gained mutation: You sometimes gain a little power by
                  | taking damage. [demonic ancestry]
  3072 | D:3      | Reached XP level 5. HP: 35/35 MP: 8/8
  3077 | D:3      | Found an iron altar of Okawaru.
  3316 | D:4      | Reached skill level 6 in Necromancy
  3412 | D:4      | Noticed a black bear
  3447 | D:4      | Killed a black bear
  3448 | D:4      | Reached skill level 1 in Polearms
  3448 | D:4      | Reached skill level 1 in Armour
  3448 | D:4      | Reached skill level 1 in Unarmed Combat
  3448 | D:4      | Gained mutation: You are completely covered in molten
                  | scales. (AC +4, rF+) [demonic ancestry]
  3448 | D:4      | Reached XP level 6. HP: 13/42 MP: 1/9
  3995 | D:5      | Entered Level 5 of the Dungeon
  4058 | D:5      | Noticed Dowan
  4060 | D:5      | Noticed Duvessa
  4068 | D:5      | Killed Dowan
  4087 | D:5      | Slain by Duvessa

Illustrated notes

Levels and vault maps discovered:
D:1:      saegor_arrival_simple_b, layout_basic, minmay_tromino_i2
D:2:      layout_basic, hellmonk_ecumenical_altar_watching_god, basic_altar,
          minmay_misc_feat_nine_boxes, minmay_misc_feat_square,
          kennysheep_generic_room_11
D:3:      layout_loops_ring, slow_altar_1, okawaru_ov_weapons_minmay,
          grunt_decor_resistance
D:4:      layout_basic
D:5:      layout_gridville, nicolae_overflow_hidden_temple,
          mainiacjoe_overflow_cross_hatched, gammafunk_ghost_cemetery,
          uniq_duvessa

Skill      XL: |  1  2  3  4  5  6 |
---------------+-------------------+-----
Necromancy     | 5 6 |  6.2
Spellcasting   | 3 4 |  4.0
Dodging        | 2 |  2.3
Stealth        | 2 |  2.0
Polearms       | 1 |  1.2
Armour         | 1 |  1.2
Unarmed Combat | 1 |  1.3
Fighting       | |  0.4

Action                   |  1- 3 |  4- 6 || total
-------------------------+-------+-------++-------
Melee: Spear             |     9 |    69 ||    78
       Short sword       |       |    15 ||    15
       Punch             |       |     1 ||     1
 Cast: Necrotise         |    63 |    68 ||   131
Evoke: Wand              |       |     1 ||     1
  Use: Scroll            |     6 |     5 ||    11
       Potion            |     1 |     2 ||     3
 Stab: Sleeping          |       |     1 ||     1
Armor: Ring mail         |    10 |       ||    10
       Robe              |       |    51 ||    51
Dodge: Dodged            |     5 |    76 ||    81

Table legend: (Time is in decaauts)
 A = Elapsed time spent in this place.
 B = Non-inter-level travel time spent in this place.
 C = Inter-level travel time spent in this place.
 D = Time resting spent in this place.
 E = Time spent auto-exploring this place.
 F = Levels seen in this place.
 G = Mean time per level.
                   A        B        C        D        E       F      G
               +--------+--------+--------+--------+--------+-----+--------+
         Total |   4091 |   3710 |    381 |      0 |   3138 |   5 |  818.2 |
       Dungeon |   4091 |   3710 |    381 |      0 |   3138 |   5 |  818.2 |
               +--------+--------+--------+--------+--------+-----+--------+

Top non-repeatable levels by time:
     D:1: 1184 daAuts
     D:2: 1123 daAuts
     D:3: 948 daAuts
     D:4: 743 daAuts
     D:5: 91 daAuts
